 Dungeon Crawl Stone Soup version 0.21.0-3-g78d12a8bdd (webtiles) character file.

844 Mysteryquy the Ruffian (level 8, -1/66 HPs)
             Began as a Ghoul Monk on Jan 8, 2018.
             Was a Follower of Yredelemnul.
             Slain by a dire flail of crushing (11 damage)
             ... created by the rancor of the Wu Jian Council
             ... on level 5 of the Dungeon on Jan 14, 2018.
             The game lasted 00:15:42 (5206 turns).

Mysteryquy the Ruffian (Ghoul Monk)                 Turns: 5206, Time: 00:15:43

Health: -1/66      AC:  5    Str: 16    XL:     8   Next: 0%
Magic:  7/7        EV: 11    Int:  5    God:    Yredelemnul [*.....]
Gold:   271        SH:  0    Dex: 12    Spells: 7/7 levels left

rFire    + . .     SeeInvis .     - Unarmed
rCold    + . .     Gourm    .   (no shield)
rNeg     + + +     Faith    .   j - +2 scale mail {rF+}
rPois    ∞         Spirit   .   (no helmet)
rElec    .         Reflect  .   r - +2 cloak
rCorr    .         Harm     .   (no gloves)
MR       .....                  z - +0 pair of boots
Stlth    +.........             (no amulet)
HPRegen  0.00/turn              (no ring)
MPRegen  0.10/turn              (no ring)

@: corroded, rotting
A: rotting body, claws 1, carnivore, cold resistance 1, negative energy
resistance 3, inhibited regeneration, torment resistance, unbreathing
a: Animate Remains, Renounce Religion


You were on level 5 of the Dungeon.
You worshipped Yredelemnul.
Yredelemnul was aware of your devotion.
You were not hungry.

You visited 2 branches of the dungeon, and saw 6 of its levels.

You collected 271 gold pieces.

Inventory:

Armour
 a - a +0 robe
 j - a +2 scale mail of fire resistance (worn)
 r - a +2 cloak (worn)
 z - a +0 pair of boots (worn)
Jewellery
 e - a +3 ring of evasion {unknown}
 t - an uncursed amulet of faith {unknown}
 u - a +2 ring of dexterity {unknown}
Scrolls
 f - 2 scrolls of enchant armour {unknown}
 g - a scroll of fear {unknown}
 i - 3 scrolls of amnesia {unknown}
 k - 2 scrolls of identify {unknown}
 l - a scroll of random uselessness {unknown}
 n - a scroll of remove curse {unknown}
 o - a scroll of blinking {unknown}
 w - 2 scrolls of enchant weapon {unknown}
 y - a scroll of teleportation {unknown}
 C - a scroll of holy word {unknown}
Potions
 d - 3 potions of curing
 h - 2 potions of invisibility {unknown}
 m - a potion of agility {unknown}
 p - a potion of resistance {unknown}
 q - a potion of ambrosia {unknown}
 s - a potion of mutation {unknown}
 v - a potion of haste {unknown}
 x - 2 potions of lignification {unknown}
 A - a potion of heal wounds {unknown}
 B - a potion of flight {unknown}
Comestibles
 b - 10 rations


   Skills:
 + Level 3.8 Fighting
 + Level 3.7 Armour
 + Level 4.3 Dodging
 + Level 2.9 Stealth
 + Level 7.3 Unarmed Combat


You had 7 spell levels left.
You didn't know any spells.

Dungeon Overview and Level Annotations

Branches:
Dungeon (5/15)             Temple (1/1) D:4

Altars:
Ashenzari
Cheibriados
Dithmenos
Elyvilon
Fedhas
Gozag
Hepliaklqana
Makhleb
Nemelex Xobeh
Okawaru
Qazlal
Ru
Sif Muna
Trog
Vehumet
Wu Jian
Xom
Yredelemnul
Zin
The Shining One

Shops:
D:4 }

Annotations:
D:3 Edmund


Innate Abilities, Weirdness & Mutations

Your body is rotting away.
You thrive on raw meat.
You are immune to poison.
You have sharp fingernails.
You are carnivorous and can eat meat at any time.
Your flesh is cold resistant. (rC+)
You are immune to negative energy. (rN+++)
You do not regenerate when monsters are visible.
You are immune to unholy pain and torment.
You can survive without breathing.


Message History

5 dancing weapons come into view.
There is a dire flail of flaming.
There is a dire flail of crushing.
There is a great sword of flaming.
There is a glaive of electrocution.
There is a great sword of electrocution.
You scratch the dire flail of flaming but do no damage.
You closely miss the dire flail of flaming.
You barely miss the dire flail of flaming.
The dire flail of flaming hits you! The dire flail of flaming burns you.
The dire flail of crushing hits you!
The glaive of electrocution hits you from afar!
* * * LOW HITPOINT WARNING * * *
You are too injured to fight recklessly!
You are too injured to fight recklessly!
You are too injured to fight recklessly!
You are too injured to fight recklessly!
As you read the scroll labeled DAASIA IM HOMY, it crumbles to dust.
The scroll dissolves into smoke.
It was a scroll of fog.
The dire flail of flaming hits you.
* * * LOW HITPOINT WARNING * * *
The dire flail of crushing hits you!
You die...
Yredelemnul claims you as an undead slave.

......#......##
......#.......# ...
......#.......# #...
......#.......# ...
......#'####.## #.##
...........#.####...##
...........#..##.§...##
..†........#..#((§....##
...........#..(§@(_.....
...........#..#§§(....#.
...........#..##..§..##
######.....#...##...##
.....#.....#... #.##
.....#.....#... ...
.....# ....+.... ....
.....# #.. .... .....#


You could see 5 dancing weapons.

Vanquished Creatures
  15 dancing weapons
  2 eyes of draining (D:5)
  3 scorpions (D:4)
  2 crimson imps
  A hound (D:4)
  A quasit (D:3)
  A jelly (D:5)
  2 orc priests (D:5)
  An iguana (D:5)
  2 worker ants
  A hound skeleton (D:5)
  5 gnolls (D:5)
  7 adders
  A shadow imp (D:5)
  An ooze (D:3)
  A worm (D:2)
  3 dart slugs
  A leopard gecko (D:2)
  9 orcs
  2 ball pythons
  4 giant cockroaches
  8 hobgoblins
  4 jackals (D:4)
  6 kobolds
  3 quokkas
  14 bats
  6 frilled lizards
  5 goblins
  12 rats
123 creatures vanquished.

Notes
Turn   | Place    | Note
-------+----------+-------------------------------------------
     0 | D:1      | Mysteryquy the Ghoul Monk began the quest for the Orb.
     0 | D:1      | Reached XP level 1. HP: 19/19 MP: 0/0
   133 | D:1      | Upgraded the game from 0.21.0 to 0.21.0-3-g78d12a8bdd
   217 | D:1      | Reached XP level 2. HP: 26/26 MP: 1/1
   800 | D:1      | Found a shimmering altar of Xom.
   991 | D:2      | Reached XP level 3. HP: 26/31 MP: 2/2
  1225 | D:2      | Found a radiant altar of Vehumet.
  1420 | D:2      | Found an ornate altar of the Wu Jian Council.
  1421 | D:2      | Found a white marble altar of Elyvilon.
  1462 | D:2      | Reached XP level 4. HP: 39/39 MP: 3/3
  1480 | D:2      | Reached skill level 4 in Unarmed Combat
  2092 | D:3      | Reached skill level 1 in Armour
  2125 | D:3      | Found a blossoming altar of Fedhas.
  2256 | D:3      | Reached XP level 5. HP: 42/42 MP: 4/4
  2309 | D:2      | Found an opulent altar of Gozag.
  2309 | D:2      | Found a deep blue altar of Sif Muna.
  2318 | D:2      | Became a worshipper of the Wu Jian Council
  2318 | D:2      | Reached * piety under Wu Jian
  2318 | D:2      | Reached ** piety under Wu Jian
  2591 | D:3      | Found a stormy altar of Qazlal.
  2721 | D:4      | Found a staircase to the Ecumenical Temple.
  2753 | Temple   | Entered the Ecumenical Temple
  2771 | Temple   | Fell from the grace of Wu Jian
  2771 | Temple   | Became a worshipper of Yredelemnul the Dark
  2811 | D:4      | Reached skill level 5 in Unarmed Combat
  2835 | D:4      | Reached XP level 6. HP: 23/48 MP: 5/5
  2907 | D:4      | Noticed a great sword of flaming
  2907 | D:4      | Noticed a broad axe of chopping
  2907 | D:4      | Noticed a glaive of electrocution
  2907 | D:4      | Noticed a rapier of flaming
  2928 | D:4      | Noticed Edmund
  2953 | D:3      | Noticed a rapier of speed
  2953 | D:3      | Noticed a quarterstaff of speed
  2953 | D:3      | Noticed a great sword of freezing
  2965 | D:3      | Killed a great sword of freezing
  3282 | D:4      | Killed a broad axe of chopping
  3318 | D:4      | Killed a great sword of flaming
  3331 | D:4      | Found Ruapte's Gadget Shoppe.
  3407 | D:4      | Killed a rapier of flaming
  3430 | D:4      | Killed a glaive of electrocution
  3840 | D:4      | Found a shimmering altar of Xom.
  3841 | D:4      | Found a burning altar of Makhleb.
  3910 | D:4      | Noticed a quarterstaff of speed
  3910 | D:4      | Noticed a glaive of flaming
  3910 | D:4      | Noticed a dire flail of freezing
  3910 | D:4      | Noticed a rapier of electrocution
  3910 | D:4      | Noticed a quarterstaff of speed
  3914 | D:3      | Killed a rapier of electrocution
  3915 | D:3      | Killed a quarterstaff of speed
  4163 | D:3      | Noticed a dire flail of electrocution
  4163 | D:3      | Noticed a great sword of slicing
  4163 | D:3      | Noticed a quarterstaff of freezing
  4163 | D:3      | Noticed a quarterstaff of speed
  4163 | D:3      | Noticed a broad axe of chopping
  4165 | D:3      | Killed a great sword of slicing
  4166 | D:3      | Killed a dire flail of electrocution
  4171 | D:3      | Killed a quarterstaff of speed
  4173 | D:3      | Killed a quarterstaff of freezing
  4174 | D:3      | Killed a broad axe of chopping
  4381 | D:5      | Entered Level 5 of the Dungeon
  4462 | D:5      | Reached XP level 7. HP: 56/56 MP: 6/6
  4478 | D:5      | Found a bloodstained altar of Trog.
  4504 | D:5      | Reached skill level 6 in Unarmed Combat
  4570 | D:5      | Noticed a quarterstaff of speed
  4570 | D:5      | Noticed a great sword of speed
  4570 | D:5      | Noticed a great sword of electrocution
  4573 | D:5      | Killed a great sword of electrocution
  4577 | D:5      | Killed a quarterstaff of speed
  4580 | D:5      | Killed a great sword of speed
  4956 | D:5      | Reached skill level 7 in Unarmed Combat
  5127 | D:5      | Reached * piety under Yredelemnul
  5144 | D:5      | Found a shadowy altar of Dithmenos.
  5156 | D:5      | Reached XP level 8. HP: 42/66 MP: 7/7
  5203 | D:5      | Noticed a dire flail of flaming
  5203 | D:5      | Noticed a dire flail of crushing
  5206 | D:5      | Slain by a dire flail of crushing

Skill      XL: |  1  2  3  4  5  6  7 |
---------------+----------------------+-----
Dodging        | 3 4 |  4.3
Unarmed Combat | 4 5 7 |  7.3
Armour         | 1 2 3 |  3.7
Fighting       | |  3.8
Stealth        | |  2.9

Action                   |  1- 3 |  4- 6 |  7- 9 || total
-------------------------+-------+-------+-------++-------
Melee: Unarmed           |   111 |   283 |   107 ||   501
       Punch             |     1 |     4 |     2 ||     7
Invok: Lunge             |       |     3 |       ||     3
  Use: Potion            |       |     1 |       ||     1
       Scroll            |       |       |     1 ||     1
 Stab: Sleeping          |     4 |       |       ||     4
  Eat: Chunk             |    10 |     6 |     7 ||    23
Armor: Robe              |    11 |       |       ||    11
       Scale mail        |    49 |   203 |    35 ||   287
Dodge: Dodged            |    82 |   206 |    40 ||   328
